[Event "*** MasterClass Titled Tuesday Blitz"]
[Site "Chess.com"]
[Date "2017.11.07"]
[Round "2"]
[White "chidori_boruto"]
[Black "Giorno"]
[Result "0-1"]
[WhiteElo "2530"]
[BlackElo "2347"]
[TimeControl "180+2"]
[EndTime "14:31:29 PST"]
[Termination "Giorno won on time"]

1. d4 d5 2. Nf3 Nf6 3. c4 e6 4.
cxd5 exd5 5. Nc3 c6 6. Qc2 Be7 7. Bg5 Nbd7 8. e3 h6 9. Bh4 Nh5 10. Bxe7 Qxe7 11. Be2 Nhf6 12. O-O O-O 13. Rab1 a5 14.
a3 Re8 15. b4 axb4 16. axb4 Ne4 17. Nxe4 dxe4 18. Nd2 Nf6 19. b5 Bd7 20. bxc6 Bxc6 21. Nc4 Nd7 22. Rfc1 Red8 23. Qb2 g6 24. h3 Kh7 25.
Qb4 Qxb4 26. Rxb4 Ra2 27. Bf1 Kg7 28. Nd6 Ra7 29. Bb5 Bxb5 30. Rxb5 Nf6 31. Nxb7 Rb8 32.
Nd6 Rd8 33. Nb7 Rb8 34. Rcb1 h5 35. g3 Ra2 36. Nd6 Rd8 37. Nb7 Rda8 38. Nd6 Rd8 39.
Nc4 Rc8 40. Ne5 Rcc2 41. Rf1 Ra7 42. Rfb1 Raa2 43. Rf1 Ra7 44. Kg2 Rd2 45. g4 hxg4 46.
hxg4 Nh7 47. Kg3 Ng5 48. Nc4 Rc2 49. Ne5 f6 0-1

[Event "*** MasterClass Titled Tuesday Blitz"]
[Site "Chess.com"]
[Date "2017.11.07"]
[Round "2"]
[White "Ar4uha"]
[Black "Vamostodorecto"]
[Result "0-1"]
[WhiteElo "2435"]
[BlackElo "2311"]
[TimeControl "180+2"]
[EndTime "14:31:30 PST"]
[Termination "Vamostodorecto won by resignation"]

1. e4 e5 2. Nf3 Nc6 3. d4 exd4 4. Nxd4 Nf6 5. Nxc6 bxc6 6. Bd3 d5 7. O-O dxe4 8.
Qe1 Bd6 9. Bxe4 O-O 10. Bd3 Re8 11. Qc3 Rb8 12. Na3 Bb4 13. Qxc6 Bb7 14. Qc4 Bd5 15. Qh4 Be7 16. Re1 h6 17. Qa4 Rb4 18. Qxa7 Rg4 19. g3 Bc5 20. Rxe8+ Qxe8 21. Qxc5 Qe1+ 22. Bf1 Qe4 23. Qxd5 Qxd5 24. Be3 Rb4 25.
Bd3 Ng4 26. Rd1 Nxe3 27. Bh7+ Kxh7 28. Rxd5 Nxd5 29. b3 Nc3 30. Kf1 Rd4 31. Nc4 Rd1+ 32. Kg2 Nxa2 33. Kf3 Nb4 34. Ne3 Rc1 35. c4 Nd3 36.
Ke2 Nc5 37. b4 Ne4 38. f3 Nd6 39. Kd3 Rb1 40. c5 Rb3+ 41. Kd4 Rxb4+ 42. Kd5 Ne8 43. Kc6 Rb3 44. Nc4 Rc3 45. Ne5 Kg8 46.
Nd7 Rc2 47. h4 Rc3 48. Ne5 Kf8 49. g4 f6 50. Ng6+ Kf7 51. h5 Rxf3 52. Kd7 Rd3+ 53. Kc6 Rd4 54. Nh8+ Kg8 55. Ng6 Rxg4 56. Kd7 Rxg6 57.
hxg6 Kf8 58. Ke6 h5 59. Kf5 Ke7 60. Ke4 Ke6 61. Kf4 f5 62. Kg5 Ke5 63. c6 Ke6 64.
Kf4 Kf6 0-1

[Event "*** MasterClass Titled Tuesday Blitz"]
[Site "Chess.com"]
[Date "2017.11.07"]
[Round "2"]
[White "Margency"]
[Black "FairChess_on_YouTube"]
[Result "1/2-1/2"]
[WhiteElo "2528"]
[BlackElo "2768"]
[TimeControl "180+2"]
[EndTime "14:31:31 PST"]
[Termination "Game drawn - insufficient material"]

1. e4 c5 2. Nf3 e6 3. d4 cxd4 4. Nxd4 Nc6 5. Nc3 a6 6. Nxc6 bxc6 7. Bd3 d5 8. O-O Nf6 9. Qf3 Be7 10. Bf4 O-O 11. Rfe1 Bb7 12. Rad1 Re8 13. e5 Nd7 14.
Na4 g6 15. c4 Rb8 16. b3 Nb6 17. Nxb6 Qxb6 18. Bh6 dxc4 19. Bxc4 c5 20. Qf4 Rbd8 21.
Bg5 Bxg5 22. Qxg5 Rd4 23. Rxd4 cxd4 24. Rd1 Rd8 25. h4 Rd7 26. h5 Qd8 27. Qxd8+ Rxd8 28. h6 a5 29. f4 Kf8 30. Kf2 Ke7 31. g4 Be4 32. a3 f6 33. Bd3 f5 34. gxf5 gxf5 35. Ke2 Rb8 36. Bxe4 fxe4 37. Rxd4 Rxb3 38. Ra4 Kf7 39.
Rxa5 Kg6 40. Ra7 Kxh6 41. Ra6 Kg7 42. Rxe6 Rxa3 43. f5 Rf3 44. Re7+ Kh6 45. f6 Kg6 46. Rg7+ Kf5 47. Re7 Kg6 48. Re8 h5 49. Rg8+ Kh7 50.
Rg7+ Kh6 51. Rg8 Kh7 52. Rg2 h4 53. Rg4 h3 54. Rxe4 Rf5 55. Kd3 h2 56. Rh4+ Kg6 57. Rxh2 Rxe5 58. Rf2 Kf7 59. Kd4 Re6 60. Kd5 Rxf6 61.
Rxf6+ Kxf6 1/2-1/2

[Event "*** MasterClass Titled Tuesday Blitz"]
[Site "Chess.com"]
[Date "2017.11.07"]
[Round "2"]
[White "VladDobrov"]
[Black "HarutyunianTigranK"]
[Result "1/2-1/2"]
[WhiteElo "2667"]
[BlackElo "2571"]
[TimeControl "180+2"]
[EndTime "14:31:39 PST"]
[Termination "Game drawn - insufficient material"]

1. d4 Nf6 2. c4 e6 3. Nf3 d5 4.
g3 Be7 5. Bg2 O-O 6. Qc2 b6 7.
O-O Bb7 8. Rd1 Nbd7 9. Ne5 c5 10. cxd5 exd5 11. Nc3 a6 12. Bf4 Rc8 13. Nxd7 Qxd7 14. dxc5 bxc5 15. Nxd5 Nxd5 16. Bxd5 Bxd5 17. e4 Bxe4 18.
Qxe4 Qa7 19. Be5 Rfe8 20. Bc3 Bf6 21. Qc4 Bxc3 22. Qxc3 Qb7 23. Re1 h6 24. Rad1 Rxe1+ 25. Rxe1 c4 26. h4 Qd5 27. Re5 Qd3 28. Qxd3 cxd3 29.
Rd5 Rc2 30. Rxd3 Rxb2 31. Ra3 Rb6 32. Ra5 g6 33. Kg2 h5 34. Kf3 Kg7 35. Ke3 Rd6 36.
a4 Kf6 37. Rc5 Rb6 38. a5 Rd6 39. Ke4 Kg7 40. Rd5 Rf6 41. f3 Re6+ 42. Kd4 Rc6 43.
Rc5 Rf6 44. Ke4 Rd6 45. Rc7 Re6+ 46. Kd4 Rd6+ 47. Kc5 Rd3 48. Kb6 Rxf3 49. Kxa6 Rxg3 50. Rc4 g5 51. hxg5 Kg6 52. Kb5 Rxg5+ 53. Kb6 Rg1 54. a6 Ra1 55. a7 f5 56. Kb7 Kg5 57. Rc6 Rxa7+ 58. Kxa7 h4 59. Kb6 h3 60. Rc2 Kg4 61.
Kc5 Kg3 62. Kd4 h2 63. Rxh2 Kxh2 64. Ke5 f4 65. Kxf4 1/2-1/2

[Event "*** MasterClass Titled Tuesday Blitz"]
[Site "Chess.com"]
[Date "2017.11.07"]
[Round "2"]
[White "michaelq2d5"]
[Black "mikhaillushenkov"]
[Result "1-0"]
[WhiteElo "2634"]
[BlackElo "2488"]
[TimeControl "180+2"]
[EndTime "14:31:46 PST"]
[Termination "michaelq2d5 won by resignation"]

1. d4 Nf6 2. c4 e6 3. Nc3 Bb4 4. e3 d5 5. Nf3 c5 6. Bd3 Nc6 7. O-O dxc4 8. Bxc4 Qe7 9. a3 Ba5 10. Qe2 O-O 11. Rd1 Rd8 12. h3 cxd4 13. exd4 h6 14. Bf4 Bd7 15. Ne4 Be8 16. b4 Nxe4 17. Qxe4 Bb6 18. g4 Qf8 19. g5 hxg5 20. Bxg5 Rdc8 21. Bd3 g6 22. d5 exd5 23. Qxd5 Qg7 24. Bc4 Bd8 25. h4 Bf6 26. Rac1 Rd8 27. Qe4 a6 28. Bb3 Bd7 29. Qf4 Bf5 30. h5 Kh7 31. h6 Qh8 32. Rd6 Rxd6 33. Qxd6 Bb2 34. Re1 Re8 35. Bxf7 Rxe1+ 36. Nxe1 Qe5 37. Qxe5 Nxe5 38. Bd5 b6 39. a4 Bc3 40.
Ng2 Bxb4 41. Ne3 Bd3 42. f4 Nd7 43. Ng4 Bf8 44. Be6 Nc5 45. Nf6+ Kh8 46. Bf7 Nxa4 47.
Nd7 Bc5+ 48. Kh2 Bd4 49. Ne5 Bxe5 50. fxe5 Kh7 51. e6 Bb5 52. e7 Nc5 53. e8=Q Bxe8 54.
Bxe8 Ne4 55. Be3 b5 56. Bc6 Nf6 57. Kg3 Ng8 58. Kf4 Nxh6 59. Kg5 Nf5 60. Bc5 Ng3 61. Bd6 Ne2 62. Be8 Kg7 63. Bxg6 Nc1 64. Be5+ Kf8 65. Kf6 Nb3 66. Bd6+ 1-0

[Event "*** MasterClass Titled Tuesday Blitz"]
[Site "Chess.com"]
[Date "2017.11.07"]
[Round "2"]
[White "evgenysharapov"]
[Black "AndrewMcStone"]
[Result "1-0"]
[WhiteElo "2249"]
[BlackElo "2087"]
[TimeControl "180+2"]
[EndTime "14:31:52 PST"]
[Termination "evgenysharapov won by resignation"]

1. e4 Nc6 2. d4 d5 3. Nc3 e6 4. Nf3 Nf6 5. Bd3 Bb4 6. e5 Ne4 7. Bd2 Nxd2 8. Qxd2 f6 9. exf6 Qxf6 10. O-O-O O-O 11.
Kb1 Qf4 12. Qxf4 Rxf4 13. Ne2 Rf6 14. Ng3 g6 15. c3 Bd6 16. Rde1 Bd7 17. Re2 Raf8 18.
Rhe1 h6 19. Nf1 g5 20. Ne3 Rf4 21. h3 Kg7 22. Ng4 h5 23. Nge5 Bxe5 24. Nxe5 Nxe5 25. Rxe5 Kh6 26. f3 b6 27. Kc2 c5 28. dxc5 bxc5 29.
b3 a5 30. a3 a4 31. b4 c4 32.
Bf1 g4 33. hxg4 hxg4 34. Be2 g3 35. Rh1+ Kg6 36. Rh3 R4f5 37. Rxg3+ Kf6 38. Rxf5+ Kxf5 39. Rg7 Bc6 40. Kd2 Rh8 41. Ke3 Rh1 42. Rc7 Be8 43.
g4+ Ke5 44. Re7 Bg6 45. b5 Rb1 46. f4+ Kd6 47. Rg7 Bc2 48. g5 Rxb5 49. g6 Rb3 50. Rg8 Bxg6 51. Rxg6 Rxc3+ 52. Kd2 Rxa3 53. f5 Ra2+ 54.
Ke1 c3 55. Rxe6+ Kd7 56. Bb5+ Kd8 57. f6 c2 58. Rc6 Ra1+ 59. Kd2 Rf1 60. Bxf1 1-0

[Event "*** MasterClass Titled Tuesday Blitz"]
[Site "Chess.com"]
[Date "2017.11.07"]
[Round "2"]
[White "DanielNaroditsky"]
[Black "ZapataCharlesS"]
[Result "1/2-1/2"]
[WhiteElo "2729"]
[BlackElo "2526"]
[TimeControl "180+2"]
[EndTime "14:31:54 PST"]
[Termination "Game drawn by repetition"]

1. b3 b6 2. Bb2 Bb7 3. Nf3 Nf6 4. e3 e6 5. d4 d5 6. Bd3 Bd6 7. O-O O-O 8. c4 c5 9. cxd5 exd5 10. Nc3 Re8 11. Ne2 Nbd7 12. Ng3 g6 13. dxc5 bxc5 14. Bb5 Rf8 15. b4 cxb4 16. Qd4 Qb6 17. Qd3 a6 18. Bxd7 Nxd7 19. h4 Rfe8 20. Nf5 Bf8 21. h5 Qe6 22. hxg6 hxg6 23. Qd4 f6 24. Ng3 Ne5 25. Qh4 Nxf3+ 26. gxf3 Bg7 27. Qxb4 Rab8 28. Bd4 Bc6 29. Qc3 Bb5 30.
Rfc1 Rec8 31. Qd2 Rxc1+ 32. Rxc1 Rc8 33. Kg2 Rxc1 34. Qxc1 Kh7 35. Qh1+ Kg8 36. Qa1 Kh7 37. a4 Bd7 38. a5 Qh3+ 39. Kg1 Qe6 40. Qc3 Bb5 41. Kg2 Bd7 42. Qc7 Kg8 43. Kg1 Bb5 44. Qd8+ Kh7 45. Qc7 Kg8 46. Kg2 Bd7 47. Ne2 Qh3+ 48.
Kg1 Bb5 49. Ng3 Qe6 50. f4 Bd7 51. f5 gxf5 52. Nh5 Qf7 53. Nf4 Bh6 54. Qd8+ Kh7 55. Nh5 Qxh5 56. Qxd7+ Bg7 57. Qxd5 Qd1+ 58. Kg2 Qg4+ 59.
Kh1 Qh5+ 60. Kg1 Qd1+ 61. Kh2 Qh5+ 62. Kg2 Qg4+ 63. Kh1 Qd1+ 64. Kh2 Qh5+ 65. Kg2 Qg4+ 66. Kf1 Qd1+ 67. Kg2 Qg4+ 68. Kh2 Qh5+ 69. Kg1 Qd1+ 70.
Kh2 Qh5+ 1/2-1/2

[Event "*** MasterClass Titled Tuesday Blitz"]
[Site "Chess.com"]
[Date "2017.11.07"]
[Round "2"]
[White "Oneofmyturns"]
[Black "SergeiAza"]
[Result "1-0"]
[WhiteElo "2523"]
[BlackElo "2664"]
[TimeControl "180+2"]
[EndTime "14:31:58 PST"]
[Termination "Oneofmyturns won on time"]

1. d4 Nf6 2. c4 e6 3. Nc3 Bb4 4. Qc2 b6 5. e4 c5 6. d5 Qe7 7. Be2 O-O 8. Be3 Bxc3+ 9. bxc3 exd5 10. exd5 d6 11. h3 Ne4 12. Nf3 Ng3 13. fxg3 Qxe3 14. Qd3 Re8 15. Qxe3 Rxe3 16. Kd2 Re8 17. Bd3 Nd7 18.
Rhe1 Ba6 19. Rxe8+ Rxe8 20. a4 g6 21. a5 Bc8 22.
axb6 axb6 23. Ra7 Kg7 24. g4 h6 25. Rc7 Kf6 26. Bc2 Ke7 27. Ba4 Kd8 28. Ra7 Re7 29.
Bb5 f6 30. Ra8 Kc7 31. Ra7+ Kb8 32. Bxd7 Bxd7 33. Ra1 Kb7 34. Nh4 g5 35. Nf3 f5 36.
gxf5 Bxf5 37. Nh2 Re4 38. Rf1 Bd7 39. Rf6 Kc7 40. Kd3 Re1 41. Nf3 Rd1+ 42. Ke2 Rc1 43. Kd2 Ra1 44. g4 b5 45. cxb5 Ra2+ 46. Ke3 Bxb5 47. Nd2 Ra3 48. Ne4 Ra2 49. Nxd6 Re2+ 50.
Kf3 Bd3 51. Rxh6 c4 52. Nb5+ Kd7 53. Nd4 Re1 54. Rh5 Be4+ 55. Kf2 Rc1 56. Rxg5 Rxc3 57. Rg7+ Kc8 58. d6 Rd3 59. d7+ Kc7 60. Ne6+ Kb6 61. d8=Q+ Rxd8 62. Nxd8 c3 63. Ke3 1-0

[Event "*** MasterClass Titled Tuesday Blitz"]
[Site "Chess.com"]
[Date "2017.11.07"]
[Round "2"]
[White "Rhinos1"]
[Black "LuisFSiles"]
[Result "0-1"]
[WhiteElo "2004"]
[BlackElo "2190"]
[TimeControl "180+2"]
[EndTime "14:31:59 PST"]
[Termination "LuisFSiles won by checkmate"]

1. e4 e5 2. Nf3 Nc6 3. Bb5 Nge7 4.
Nc3 g6 5. O-O Bg7 6. d3 O-O 7.
Bg5 f6 8. Be3 Kh8 9. Qd2 d5 10.
exd5 Nxd5 11. Nxd5 Qxd5 12. Bc4 Qd6 13. Bh6 Bg4 14.
Bxg7+ Kxg7 15. Qe3 Rae8 16. c3 a6 17. h3 Bc8 18. Rad1 Ne7 19. d4 Nf5 20. Qc1 e4 21. Nh2 e3 22. Rde1 Qc6 23. Bd3 Nh4 24. f3 Qe6 25.
Be4 f5 26. Rxe3 fxe4 27. Rxe4 Qf6 28. Ng4 Bxg4 29. Rxg4 Nf5 30. Re4 Nd6 31. Rxe8 Rxe8 32. Qc2 Qe6 33. Qa4 Re7 34. Qa5 Qf5 35. Qb4 Qe6 36.
Qc5 b6 37. Qa3 a5 38. Kh2 Nc4 39. Qa4 Ne3 40. Rf2 Qd6+ 41. f4 Nd5 42. Qc4 Nxf4 43. g3 Qe6 44. Qf1 Nd5 45. c4 Ne3 46. Qd3 Nf5 47.
d5 Qe3 48. Qxe3 Rxe3 49. g4 Nd6 50. b3 a4 51. b4 Nxc4 52. Rc2 b5 53. Rf2 Rd3 54.
Re2 Rd2 55. Rxd2 Nxd2 56. Kg3 Kf6 57. Kf4 g5+ 58. Ke3 Nc4+ 59. Kd4 Ke7 60. Kc5 Nd6 61. Kc6 Kd8 62. Kc5 Kd7 63. Kd4 Nf7 64. Ke4 a3 65.
Kf5 Ke7 66. Ke4 Kf6 67. Kd4 Nd6 68. Kc5 Ke5 69. Kc6 Kd4 70. Kxc7 Kxd5 71. Kb6 Kc4 72.
Kc6 Kxb4 73. Kxd6 Kc4 74. Ke5 b4 75. Kf5 b3 76. axb3+ Kxb3 77. Kxg5 a2 78. Kh6 a1=Q 79. Kxh7 Qh1 80. g5 Qxh3+ 81. Kg7 Qd7+ 82. Kh6 Qh3+ 83. Kg7 Kc4 84. g6 Kd5 85. Kf8 Qf5+ 86. Kg7 Ke6 87. Kh8 Qf8+ 88. Kh7 Kf6 89. g7 Qxg7# 0-1

[Event "*** MasterClass Titled Tuesday Blitz"]
[Site "Chess.com"]
[Date "2017.11.07"]
[Round "2"]
[White "yosephtaher"]
[Black "LastHeroJr"]
[Result "1/2-1/2"]
[WhiteElo "2527"]
[BlackElo "2368"]
[TimeControl "180+2"]
[EndTime "14:32:09 PST"]
[Termination "Game drawn - insufficient material"]

1. e4 e5 2. Nf3 Nc6 3. Bb5 a6 4. Ba4 Nf6 5. d3 Bc5 6. c3 O-O 7. Bxc6 bxc6 8. Nxe5 d5 9. d4 Bb6 10. exd5 Qxd5 11. Qf3 c5 12. Qxd5 Nxd5 13. dxc5 Bxc5 14. O-O Re8 15. Nd3 Bd6 16. a3 Bf5 17. Nb4 Nf4 18.
Bxf4 Bxf4 19. Nd5 Bd6 20. Ne3 Bg6 21. Nd2 Bc5 22. Rfe1 Rad8 23. Ndc4 f5 24. b4 Be7 25. Red1 Bf7 26. Ne5 Bb3 27. Rxd8 Bxd8 28. Nc6 Bf6 29. Nd4 f4 30. Ng4 Bxd4 31. cxd4 Rd8 32. Rc1 Rxd4 33. h3 Rd7 34. Ne5 Re7 35. Nd3 f3 36. gxf3 Bd5 37.
f4 c6 38. Ne5 Re6 39. Kh2 g5 40. Kg3 gxf4+ 41. Kxf4 Rf6+ 42. Ke3 Rh6 43. Nxc6 Bxc6 44. Kd4 Kf7 45. Kc5 Bb5 46. Ra1 Rxh3 47. a4 Be2 48. Ra2 Bf1 49. Ra1 Bg2 50. Kb6 Rh6+ 51. Ka5 Bf3 52. Ra3 Rf6 53. Rc3 h5 54. b5 axb5 55.
axb5 h4 56. Rc4 h3 57. Rh4 Bg2 58. b6 Rxf2 59. Kb5 Rb2+ 60. Ka6 Kg6 61. Ka7 Kg5 62. Rh8 Kg4 63. Rg8+ Kf3 64. b7 Rxb7+ 65. Kxb7 Kf2+ 66. Kb6 Kg1 67. Rh8 h2 68. Rxh2 Kxh2 1/2-1/2

[Event "*** MasterClass Titled Tuesday Blitz"]
[Site "Chess.com"]
[Date "2017.11.07"]
[Round "2"]
[White "igorkovalenko"]
[Black "platy3"]
[Result "1-0"]
[WhiteElo "2792"]
[BlackElo "2542"]
[TimeControl "180+2"]
[EndTime "14:32:27 PST"]
[Termination "igorkovalenko won by resignation"]

1. e4 c5 2. Nf3 Nc6 3. d4 cxd4 4.
Nxd4 Qb6 5. Nb3 Nf6 6. c3 Nxe4 7. Be3 Qc7 8. Bd3 Nf6 9. N1d2 g6 10. h3 Bg7 11. Qe2 O-O 12. Nf3 e5 13. Bc2 d5 14. O-O b6 15. Rad1 Bb7 16. Rfe1 Rad8 17. Bg5 Rfe8 18. Bh4 Rd7 19. Bg3 Rde7 20. Qb5 a6 21. Qa4 Qc8 22. Bh4 e4 23. Nfd4 Ne5 24. Nd2 h6 25. Qb3 Qc5 26. Nf1 Nc4 27. Ne3 Nxe3 28.
fxe3 Rc7 29. Re2 Nd7 30. Bg3 Be5 31. Bxe5 Nxe5 32. Rf2 Kg7 33. a3 b5 34. Qa2 Bc8 35. Bb3 Rd8 36. Rdf1 Rd6 37. Bd1 Nd3 38. Rd2 Re7 39.
Be2 Ne5 40. Qb1 Qb6 41. Qe1 Rf6 42. Rxf6 Qxf6 43. Nc2 Qg5 44. Kh1 Be6 45. Qf2 f5 46. Nb4 a5 47. Nxd5 Rd7 48. Nf4 Qe7 49. Rd4 Bc4 50.
Bxc4 bxc4 51. Qg3 g5 52. Ne2 Rxd4 53. Nxd4 Qf6 54. Qe1 Kg6 55. Qb1 Nd3 56. b3 f4 57.
exf4 Qxf4 58. bxc4 Qg3 59. Qb6+ Kh7 60. Qxh6+ Kxh6 61.
Nf5+ Kg6 62. Nxg3 e3 63. Kg1 Kf6 64. Kf1 Nb2 65. c5 a4 66. Ke2 Nc4 67. c6 Ke6 68. Ne4 Kd5 69. c7 Nb6 70. Nxg5 Kc6 71. Kxe3 Kxc7 72.
Kd4 Kd6 73. c4 Nd7 74. Ne4+ Kc6 75. g4 Nf8 76. h4 Ne6+ 77. Ke5 1-0

[Event "*** MasterClass Titled Tuesday Blitz"]
[Site "Chess.com"]
[Date "2017.11.07"]
[Round "2"]
[White "popov_m"]
[Black "MITerryble"]
[Result "1/2-1/2"]
[WhiteElo "2484"]
[BlackElo "2602"]
[TimeControl "180+2"]
[EndTime "14:32:30 PST"]
[Termination "Game drawn - insufficient material"]

1. d4 e6 2. Nf3 Nf6 3. c4 Bb4+ 4.
Bd2 c5 5. g3 Qb6 6. a3 Bxd2+ 7.
Qxd2 Ne4 8. Qc2 f5 9. Nbd2 cxd4 10. Nxe4 fxe4 11. Qxe4 Qxb2 12. Qxd4 Qxd4 13. Nxd4 a6 14. Bg2 Nc6 15. e3 Ne5 16. O-O Nxc4 17. Rfc1 Na5 18. Rab1 Ke7 19. Rc7 Kd6 20. Rc3 Nc6 21. Nb3 b6 22.
Rd1+ Kc7 23. Nd4 Bb7 24. Nxc6 dxc6 25. Bxc6 Bxc6 26. Rdc1 Rac8 27. Rxc6+ Kb7 28. Rxc8 Rxc8 29. Rd1 Rc3 30. a4 Kc7 31. Rd4 a5 32. Rh4 h6 33.
Rg4 g5 34. h4 Rc5 35. hxg5 Rxg5 36. Rh4 h5 37. Kg2 b5 38. axb5 Rxb5 39. Rc4+ Kd6 40.
Kh3 Rc5 41. Ra4 Kc6 42. Kh4 Kb5 43. Ra1 a4 44. Rb1+ Kc4 45. Rc1+ Kb4 46. Rb1+ Ka5 47. Ra1 Re5 48. e4 Kb4 49. f4 Rxe4 50. Kxh5 a3 51. Kg5 Kb3 52. f5 exf5 53. Kxf5 Re2 54. g4 Rf2+ 55. Kg6 Ra2 56. Rg1 Rb2 57. g5 a2 58. Ra1 Rb1 59. Rxa2 Kxa2 60. Kf6 Rf1+ 61. Kg7 Kb3 62. g6 Kc4 63. Kh7 Rh1+ 64. Kg8 Kd5 65.
g7 Ke6 66. Kf8 Rf1+ 67. Ke8 Rg1 68. Kf8 Rf1+ 69. Ke8 Rg1 70. Kf8 Kf6 71. g8=Q Rxg8+ 72. Kxg8 1/2-1/2

[Event "*** MasterClass Titled Tuesday Blitz"]
[Site "Chess.com"]
[Date "2017.11.07"]
[Round "2"]
[White "Grebeniuk-S"]
[Black "miaou33"]
[Result "1-0"]
[WhiteElo "2445"]
[BlackElo "2293"]
[TimeControl "180+2"]
[EndTime "14:32:35 PST"]
[Termination "Grebeniuk-S won on time"]

1. d4 e6 2. Nf3 Nf6 3. e3 c5 4.
Bd3 Nc6 5. O-O b6 6. Nbd2 Bb7 7. a3 Be7 8. b3 d6 9. Bb2 O-O 10. Qe2 Rc8 11. Rfd1 Qd7 12. dxc5 bxc5 13. e4 e5 14. c3 Nd8 15. Nc4 Qc7 16. Qc2 Ne6 17. Ne3 Nf4 18. Nd2 Rfd8 19. c4 Qd7 20.
Nd5 N6xd5 21. exd5 Nxd3 22. Qxd3 f5 23. f4 Bf6 24. fxe5 dxe5 25. Qh3 g6 26. Nf3 Qg7 27. Nd2 Rc7 28. Nf1 Bc8 29. Qg3 f4 30. Qf2 e4 31. Bxf6 Qxf6 32. Re1 Qe5 33. Rad1 Bg4 34. Rb1 Rd6 35. Qb2 Qxb2 36. Rxb2 e3 37. h4 h6 38. Nh2 h5 39. g3 Rf7 40. gxf4 Rxf4 41. Rxe3 Bf5 42.
Rf2 Rxh4 43. Rg3 Kf7 44. Nf3 Rg4 45. Ne5+ Kf6 46. Nxg4+ hxg4 47. Rxg4 Rb6 48. Rg3 Ra6 49. a4 Rb6 50. Re3 a5 51. Kg2 Rb8 52. Rf1 Rh8 53.
Rh1 Rb8 54. Rh7 Kg5 55. Rc7 Kf4 56. Kf2 Rh8 57. Rf3+ Ke4 58. Rxc5 Rh2+ 59. Kg1 Ra2 60. Rf2 Ra1+ 61. Kg2 Ke3 62. Rb2 Be4+ 63. Kg3 Rg1+ 64.
Kh4 Bf3 65. d6 1-0

[Event "*** MasterClass Titled Tuesday Blitz"]
[Site "Chess.com"]
[Date "2017.11.07"]
[Round "2"]
[White "Iball95"]
[Black "severomorskij"]
[Result "1-0"]
[WhiteElo "2584"]
[BlackElo "2629"]
[TimeControl "180+2"]
[EndTime "14:32:36 PST"]
[Termination "Iball95 won by resignation"]

1. c4 e5 2. Nc3 Bb4 3. Qc2 Nf6 4. Nf3 Nc6 5. e3 Bxc3 6. bxc3 O-O 7. e4 d6 8. Be2 Bg4 9. O-O Qd7 10. d3 h6 11. h3 Bh5 12. Nh4 Ne7 13. f4 exf4 14.
Bxf4 Bxe2 15. Qxe2 Kh7 16. Rab1 b6 17. Bd2 Rae8 18. Qf2 Qe6 19. Rb5 c5 20. a4 Nd7 21.
Qg3 f5 22. exf5 Nxf5 23. Nxf5 Rxf5 24. Rxf5 Qxf5 25. Qxd6 Re2 26. Bf4 Ne5 27. Bg3 Nf3+ 28. Kh1 Ne1 29. Qf4 Qxf4 30. Bxf4 Nxd3 31. Bb8 Re7 32. a5 Rb7 33. Bd6 Kg6 34. axb6 axb6 35. g4 Kf6 36. Kg2 Ke6 37. Bf8 Ne5 38. Bxc5 Nxc4 39. Bd4 g6 40. h4 Rf7 41. Rb4 Kd5 42. Rb5+ Ke4 43. Bxb6 Rb7 44. Rb4 Kd3 45. Bc5 Rf7 46.
Bd4 h5 47. gxh5 gxh5 48. Rb5 Rh7 49. Rc5 Nd2 50. Rc8 Rh6 51. Kg3 Rg6+ 52. Kh3 Ne4 53.
Re8 Rg3+ 54. Kh2 Rg4 55. Kh3 Rg3+ 56. Kh2 Rg4 57. Kh3 Ke2 58. Be5 Nf2+ 59. Kh2 Kf3 60. Rf8+ Ke2 61. Bg3 Ne4 62. Rf4 Nxg3 63. Rxg4 Nf1+ 64.
Kh3 hxg4+ 65. Kxg4 Ne3+ 66. Kg5 Kd3 67. h5 Nc4 68.
Kf6 Ne3 69. Kg5 Nc4 70. h6 Nd6 71. h7 Nf7+ 72. Kf6 Nh8 73. Kg7 1-0

[Event "*** MasterClass Titled Tuesday Blitz"]
[Site "Chess.com"]
[Date "2017.11.07"]
[Round "2"]
[White "pandamaster3000"]
[Black "twitchTriniCupid"]
[Result "1-0"]
[WhiteElo "2278"]
[BlackElo "2084"]
[TimeControl "180+2"]
[EndTime "14:32:36 PST"]
[Termination "pandamaster3000 won by checkmate"]

1. e4 c6 2. d4 d5 3. exd5 cxd5 4. Bd3 Nf6 5. c3 Nc6 6. Bf4 Bg4 7. Qb3 Qc8 8. Nd2 e6 9. Ngf3 Be7 10. O-O O-O 11. Rfe1 Bh5 12. Ne5 Nxe5 13. Bxe5 Nd7 14. Bg3 a6 15. Qc2 Bg6 16. a4 Nb6 17. a5 Nc4 18.
Bxg6 hxg6 19. Nf3 Bd6 20. Bxd6 Nxd6 21. Ne5 Nc4 22. Nd3 Qc7 23. b4 Rac8 24. Nc5 Rfe8 25. Qd3 Qc6 26. f4 Nd6 27. Rac1 Rc7 28. g3 Rce7 29. Kg2 Qb5 30. Qf3 Qc4 31. h4 f5 32.
Qe2 Kf7 33. Kf3 Ne4 34. Qxc4 Nd2+ 35. Kf2 Nxc4 36. Nd3 Rc7 37. Kg2 Kf6 38. Kf2 Rc6 39. Nc5 Rc7 40. Re2 Nd6 41. Kg2 Ne4 42. Rb2 Ree7 43.
Kh2 Rc6 44. Kg2 Rc8 45. Re2 Rc6 46. Rcc2 Rec7 47. Rc1 Rd6 48. Rec2 Rdc6 49. Kf3 Rd6 50. Kg2 Rdc6 51. Rb2 Rd6 52. Rbc2 Rd8 53. Rb2 Rdc8 54. Rbc2 Ke7 55. Rb2 Kd6 56. Rbc2 Re8 57. Ra2 Kc6 58. Rb2 Kb5 59. Ra2 Kc6 60. Rac2 Kb5 61. Ra2 Ree7 62. Rb2 Rc6 63. Rbc2 Rcc7 64. Rb2 Rc6 65. Rbc2 Rcc7 66. Nd3 Kc6 67. Ne5+ Kd6 68. Nxg6 Re8 69. Ne5 Rec8 70. c4 dxc4 71. Rxc4 Rxc4 72. Nxc4+ Ke7 73. Rc2 Rd8 74. Ne5 Rxd4 75. Rc7+ Ke8 76. Rxb7 Rd2+ 77. Kf3 Rf2+ 78. Ke3 Rg2 79. Rb8+ Ke7 80. Rb7+ Kd6 81. Rd7# 1-0

[Event "*** MasterClass Titled Tuesday Blitz"]
[Site "Chess.com"]
[Date "2017.11.07"]
[Round "2"]
[White "A-Fier"]
[Black "Man-Chuk"]
[Result "0-1"]
[WhiteElo "2590"]
[BlackElo "2597"]
[TimeControl "180+2"]
[EndTime "14:33:10 PST"]
[Termination "Man-Chuk won by resignation"]

1. d4 Nf6 2. c4 e6 3. Nc3 Bb4 4. e3 d5 5. a3 Bxc3+ 6. bxc3 c6 7. cxd5 cxd5 8. c4 O-O 9. Nf3 Nc6 10. cxd5 exd5 11.
Bd3 Ne4 12. O-O Bf5 13. Bb2 Rc8 14. Ne1 Na5 15. f3 Nd6 16. Bxf5 Nxf5 17. Qd3 Qg5 18. e4 Qe3+ 19. Kh1 Qxd3 20. Nxd3 Ne3 21. Rfc1 Nc2 22. Rab1 dxe4 23. fxe4 Nb3 24. Rd1 Rfe8 25. e5 Red8 26. Nf4 Nbxd4 27. h3 Nc6 28. Nd5 Kf8 29. Rbc1 Na5 30. Bc3 Rxd5 31. Rxd5 Rxc3 32. Rxa5 Rxa3 33.
Rxa3 Nxa3 34. Rc7 b5 35. Rxa7 Nc4 36. Rb7 Nxe5 37. Rxb5 f6 38. Rb7 h5 39. Kg1 Kg8 40.
Kf2 Kh7 41. Ke3 Kg6 42. Ke4 Nc4 43. Ra7 Nd6+ 44. Kd5 Nf5 45. Ra3 h4 46. Ke6 Nd4+ 47. Ke7 Ne2 48. Rf3 Kg5 49. Kf7 Nf4 50. Rf2 g6 51.
Ra2 f5 52. Ra6 Kh6 53. Rb6 Kg5 54. Rb2 Nd5 55. Ke6 Nf4+ 56. Kd6 Nd3 57. Rd2 Nf4 58. Ke5 Nh5 59. Kd4 Nf4 60. Ke3 Nh5 61. Kf3 Ng3 62.
Ra2 Ne4 63. Ra4 Nd2+ 64. Ke3 Nf1+ 65. Kd4 Ng3 66. Ke5 Nh5 67. Ra2 Nf4 68. Rd2 Nh5 69. Kd4 Nf4 70. Ke3 Nh5 71. Kf3 Nf6 72. Rd4 Nh5 73. Rc4 Nf6 74. g3 hxg3 75. Kxg3 Ne4+ 76. Kg2 Kf4 77. Rc8 Kg5 78. Rf8 Nc5 79. Rh8 Ne4 80. Kf3 Nd2+ 81. Ke3 Ne4 82. Ke2 Ng3+ 83. Kf3 Nh5 84.
Rh7 Kf6 85. h4 Ng7 86. Rh8 Ne6 87. Re8 Nd4+ 88. Ke3 Ne6 89. Kf2 Kf7 90. Ra8 Kf6 91. Ra6 Ke5 92. Kf3 Kf6 93. Ke3 Ke5 94. Kd3 Nc5+ 0-1

[Event "*** MasterClass Titled Tuesday Blitz"]
[Site "Chess.com"]
[Date "2017.11.07"]
[Round "2"]
[White "johnathan113"]
[Black "Fy_Rakotomaharo"]
[Result "1/2-1/2"]
[WhiteElo "2466"]
[BlackElo "2453"]
[TimeControl "180+2"]
[EndTime "14:33:37 PST"]
[Termination "Game drawn - insufficient material"]

1. e4 c5 2. Nf3 Nc6 3. Nc3 e5 4. Bc4 Be7 5. d3 d6 6. Nd2 Nf6 7. Nf1 Nd7 8. a3 Nb6 9. Ne3 O-O 10. O-O Be6 11. b3 Bg5 12. Bxe6 fxe6 13. Qg4 Nd4 14. Ra2 Rf4 15. Qd1 Rf7 16. Ne2 d5 17.
Ng3 Bf4 18. c3 Nc6 19. Qg4 d4 20. Qxe6 dxe3 21. fxe3 Qd7 22. Qxd7 Rxd7 23. exf4 Rxd3 24. Rc2 c4 25. bxc4 Nxc4 26. fxe5 N6xe5 27. Nf5 g6 28. Nd4 Rf8 29. Rxf8+ Kxf8 30. h3 Rd1+ 31. Kh2 Re1 32. Ne6+ Ke7 33. Ng5 h6 34. Nf3 Rxe4 35. Nxe5 Rxe5 36.
Bxh6 Ra5 37. Re2+ Kd7 38. Bf8 Nxa3 39. Bb4 Ra6 40. Re7+ Kd8 41. Rxb7 Nc2 42. h4 Ra2 43. Bc5 a5 44. Kh3 Ne1 45. g4 Nd3 46. Bd6 Nf2+ 47.
Kg3 Ne4+ 48. Kf4 Nxd6 49. Rg7 Ra4+ 50. Kg5 Rc4 51. Rxg6 Ke7 52. h5 a4 53. h6 Nf7+ 54.
Kh5 a3 55. Ra6 Rxc3 56. Kg6 Ne5+ 57. Kg7 Rg3 58. Ra7+ Ke6 59. Ra6+ Ke7 60. Ra7+ Ke6 61.
Ra6+ Kd5 62. Ra5+ Kd4 63. Ra4+ Nc4 64. h7 Rxg4+ 65. Kf8 Rh4 66. Kg8 Rg4+ 67. Kf8 Rf4+ 68. Kg7 Rg4+ 69. Kf6 Rh4 70. Kg7 Kc3 71. Kg8 Kb3 72. Ra8 a2 73. Rxa2 Kxa2 74. h8=Q Rxh8+ 75. Kxh8 1/2-1/2